AoeStats
← Tavik

Nomad

508528872Analyzed
2v2 RM · 9d ago on Sep 22, 2026· 38m 56s· 4 players
Game mode
Random Map
Map size
176×176
Population
200
Speed
Normal
Resources
Standard
Victory
Conquest
Starting age
Dark Age
Ending age
Imperial Age
RankedLock teamsTeams togetherTeam positionsShared explorationLock speedFull tech treeHidden civsTurbo modeCheats
Victory
Defeat
🇲🇽 Persians · Mexico
1391
+14
🇺🇾 Lithuanians · Uruguay
1367
+15
🇨🇿 Dravidians · Czechia
1355
-14
🇨🇿 Persians · Czechia
1351
-15
Melioth
4:28 Loom
13:12 Feudal Age
21:32 Castle Age
20:34 Horse Collar
20:41 Double-Bit Axe
20:49 Stone Mining
28:06 Wheelbarrow
32:14 Forging
32:17 Scale Barding Armor
33:33 Bloodlines
33:26 Husbandry
35:10 Chain Barding Armor
35:26 Iron Casting
38:09 Hand Cart
Tavik
4:53 Loom
13:12 Feudal Age
14:36 Fletching
19:33 Castle Age
17:53 Fishing Lines
20:57 Crossbowman
21:39 Bodkin Arrow
23:14 Thumb Ring
24:43 Wheelbarrow
24:26 Double-Bit Axe
26:24 Ballistics
28:20 Horse Collar
botas.el.gato
11:56 Feudal Age
12:35 Town Watch
13:52 Forging
20:22 Castle Age
18:38 Fishing Lines
18:58 Gold Mining
20:13 Double-Bit Axe
21:02 Medium Warships
20:44 Gillnets
24:37 Wheelbarrow
23:51 Loom
25:33 Iron Casting
27:59 Bloodlines
28:54 Bow Saw
29:09 Scale Barding Armor
29:35 Husbandry
30:27 Chain Barding Armor
36:54 Imperial Age
36:29 Gold Shaft Mining
37:34 Conscription
37:57 Plate Barding Armor
36:49 Cavalier
PMA
6:42 Loom
13:36 Feudal Age
17:52 Castle Age
19:07 Medium Warships
23:43 Horse Collar
28:38 Heavy Plow
32:05 Scale Barding Armor
32:25 Husbandry
37:02 Imperial Age
35:07 Bloodlines
34:25 Pikeman
35:06 Squires
35:30 Double-Bit Axe
36:56 Forging
37:06 Chain Barding Armor
36:48 Scale Mail Armor
37:50 Tower Shields
37:26 Halberdier
Connection lost

Rejoining the realm…

Still unreachable

The connection could not be restored.

Session expired

The server has moved on; the page needs a fresh start.